Map: Dusk Towers

Players

lesha

  • Race: Terran Terran
  • League: Silver

amrooo - Winner!

  • Race: Zerg Zerg
  • League: Bronze

VOD

Have the link to the VOD?

Description

Time

  • Played on: Jan. 1, 2016, 9:37 a.m.
  • Length: 4:01
Show
View Real Time Build Order
Export as new Build Order

lesha Terran 

Build Orders: Reaper Expand 

Get SALT Encoding   

  12  0:01  SCV  
  13  0:13  SCV  
  14  0:21  Supply Depot  
  14  0:25  SCV  
  15  0:43  SCV  
  15  0:44  Barracks  
  15  0:46  Refinery  
  16  0:55  SCV  
  17  1:07  SCV  
  18  1:19  SCV  
  19  1:31  Reaper  
  20  1:33  Orbital Command  
  20  1:42  Command Center  
  20  1:49  Supply Depot  
  20  1:58  SCV  
  21  2:11  SCV  
  22  2:22  Marine  
  23  2:30  Bunker  
  23  2:31  Barracks  
  23  2:34  Barracks  
  22  2:43  SCV  
  23  2:55  SCV  
  24  3:03  Factory  
  24  3:07  Refinery  
  24  3:11  Marine  
  24  3:29  Marine  
  25  3:36  Marine  
  25  3:37  Marine  
Show
View Real Time Build Order
Export as new Build Order

amrooo Zerg - Winner!

Build Orders: Pool First 

Get SALT Encoding   

  12  0:01  Drone  
  13  0:08  Drone  
  14  0:29  Spawning Pool  
  14  0:30  Drone  
  14  0:44  Overlord  
  14  0:51  Overlord  
  14  1:17  Hatchery  
  13  1:19  Zergling x4  
  13  1:24  Zergling x2  
  17  1:32  Zergling x2  
  17  1:41  Zergling x2  
  18  1:52  Zergling x2  
  19  2:04  Zergling x2  
  20  2:14  Zergling x2  
  21  2:24  Zergling x2  
  21  2:31  Queen  
  23  2:51  Drone x2  
  23  2:53  Zergling x4  
  26  3:04  Drone  
  27  3:07  Queen  
  29  3:28  Spine Crawler  
  29  3:30  Zergling x10  
  29  3:31  Zergling x2  
Tags
 
Add a new tag
Caveats
  • Supply blocks, unpowered buildings, or Contaminate may cause inaccurate times.
  • Supply counts are checked every 10 seconds.